 Dungeon Crawl Stone Soup version 0.25-a0-651-g8c222c7a2b (webtiles) character file.

Game seed: 13320038801928176408, levelgen mode: deterministic

542172 Haet the Scorcher (level 26, -39/177 HPs)
             Began as a Gargoyle Earth Elementalist on Mar 21, 2020.
             Was the Champion of Vehumet.
             Killed by Shatter
             ... invoked by Huaparaisk's ghost
              (180 damage)
             ... on level 2 of the Depths on Mar 22, 2020.
             The game lasted 04:50:31 (54413 turns).

Haet the Scorcher (Gargoyle Earth Elementalist)    Turns: 54413, Time: 04:50:45

Health: -39/177    AC: 44    Str: 25    XL:     26   Next: 58%
Magic:  5/60       EV: 21    Int: 28    God:    Vehumet [******]
Gold:   4474       SH:  9    Dex: 16    Spells: 12/55 levels left

rFire    + + .     SeeInvis +   S - +8 demon whip (venom)
rCold    . . .     Gourm    .   n - +4 buckler of Tomorrow {rCorr Str+6}
rNeg     + . .     Faith    .   G - +5 steam dragon scales
rPois    ∞         Spirit   .   A - +3 crown of Dyrovepreva {rElec Int+2 SInv}
rElec    +         Reflect  .   h - +2 cloak {MR+}
rCorr    +         Harm     .   W - +0 pair of gloves "Doukh" {MP+9}
MR       ++...                  q - +2 pair of boots
Stlth    +.........             O - amulet "Siupen" {rPois Regen+ Dex+9 Stlth-}
HPRegen  0.79/turn              U - ring of Yzapp {rF++ MP+9 Str+7 Dex-3}
MPRegen  0.37/turn              e - ring of wizardry

@: studying Summonings
A: big wings, icy blue scales 1, negative energy resistance 1, robust 1,
electricity resistance, weak 1, unbreathing, petrification resistance, rot
immunity, AC +20
}: 2/15 runes: decaying, gossamer
a: Fly, Renounce Religion


You were on level 2 of the Depths.
You worshipped Vehumet.
Vehumet was exalted by your worship.
You were not hungry.

You visited 9 branches of the dungeon, and saw 43 of its levels.
You visited the Abyss 1 time.
You also visited: Sewer, Gauntlet, Ice Cave and Wizlab.

You collected 6201 gold pieces.
You spent 1727 gold pieces at shops.

Inventory:

Hand Weapons
 p - the +2 quarterstaff of Classification {flame, *Noise +Inv +Fly rN++}
   (You found it on level 3 of the Spider Nest)

   It has been specially enchanted to burn those struck by it, causing extra
   injury to most foes and up to half again as much damage against particularly
   susceptible opponents.
   It greatly protects you from negative energy.
   It lets you turn invisible.
   It lets you fly.
   It may make noises in combat.
 t - the +6 Majin-Bo {vamp, Archmagi MP+6 Int+6}
   (You took it off a Hellbinder in a wizard's laboratory)

   It inflicts no extra harm, but heals its wielder when it wounds a living foe.
   It affects your intelligence (+6).
   It affects your magic capacity (+6).
 S - a +8 demon whip of venom (weapon)
Missiles
 b - 928 stones (quivered)
 D - 5 throwing nets
Armour
 h - a +2 cloak of magic resistance (worn)
 n - the +4 buckler of Tomorrow (worn) {rCorr Str+6}
   (You bought it in a shop on level 2 of the Orcish Mines)

   It affects your strength (+6).
   It provides partial protection from all sources of acid and corrosion.
 q - a +2 pair of boots (worn)
 A - the +3 crown of Dyrovepreva (worn) {rElec Int+2 SInv}
   (You found it in a Gauntlet)

   It affects your intelligence (+2).
   It insulates you from electricity.
   It lets you see invisible.
 G - +5 steam dragon scales (worn)
 W - the +0 pair of gloves "Doukh" (worn) {MP+9}
   (You acquired it on level 7 of the Dungeon)

   It affects your magic capacity (+9).
Magical Staves
 K - an uncursed staff of energy
Jewellery
 e - a ring of wizardry (right hand)
 O - the amulet "Siupen" (around neck) {rPois Regen+ Dex+9 Stlth-}
   (You found it on level 3 of the Elven Halls)

   [amulet of regeneration]

   It affects your dexterity (+9).
   It protects you from poison.
   It increases your rate of regeneration.
   It makes you less stealthy.
 U - the ring of Yzapp (left hand) {rF++ MP+9 Str+7 Dex-3}
   (You acquired it on level 14 of the Dungeon)

   [ring of magical power]

   It affects your strength (+7).
   It affects your dexterity (-3).
   It greatly protects you from fire.
   It affects your magic capacity (+9).
Wands
 c - a wand of iceblast (10)
 k - a wand of digging (14)
 l - a wand of disintegration (51)
 C - a wand of scattershot (10)
 H - a wand of acid (23)
 J - a wand of clouds (7)
Scrolls
 m - 24 scrolls of remove curse
 u - 8 scrolls of amnesia
 B - 5 scrolls of fog
 E - 5 scrolls of blinking
 I - 16 scrolls of teleportation
 R - 14 scrolls of identify
 X - 4 scrolls of immolation
 Y - 4 scrolls of magic mapping
 Z - 2 scrolls of summoning
Potions
 a - 3 potions of haste
 f - 4 potions of heal wounds
 g - a potion of cancellation
 j - 2 potions of magic
 o - a potion of resistance
 r - 13 potions of curing
 v - 5 potions of brilliance
 w - 6 potions of ambrosia
 x - 8 potions of mutation
 F - a potion of invisibility
 P - 5 potions of berserk rage
 V - 6 potions of might
Books
 N - a manual of Summonings
 Q - a manual of Summonings
Miscellaneous
 i - a lamp of fire
 s - a phial of floods
 y - 3 phantom mirrors
 z - a lightning rod (4/4)
 L - a box of beasts
 M - a sack of spiders
Comestibles
 d - 28 rations
 T - 2 chunks of flesh


   Skills:
 + Level 15.5 Fighting
 - Level 14.0 Maces & Flails
 - Level 6.0 Armour
 + Level 12.5 Dodging
 - Level 2.1 Stealth
 - Level 5.0 Shields
 + Level 15.0 Spellcasting
 + Level 15.9 Conjurations
   Level 0.7 Transmutations
 * Level 20.3 Fire Magic
 + Level 18.2 Earth Magic
 - Level 6.0 Evocations


You had 12 spell levels left.
You knew the following spells:

 Your Spells              Type           Power        Failure   Level  Hunger
a - Sandblast             Erth           ######       0%          1    None
b - Stone Arrow           Conj/Erth      ######       0%          3    None
c - Lee's Rapid Deconstr  Erth           #######...   1%          5    None
d - Iron Shot             Conj/Erth      #######...   1%          6    ####...
e - Bolt of Magma         Conj/Fire/Erth #######...   1%          5    None
f - Starburst             Conj/Fire      #######...   1%          6    ####...
g - Ignition              Fire           #######...   1%          8    #######
h - Shatter               Erth           #######...   14%         9    #######

Your spell library contained the following spells:

 Spells                   Type           Power        Failure   Level  Hunger
 Fire Storm               Conj/Fire      #######...   14%         9    #######
 Chain Lightning          Conj/Air       ######....   47%         8    #######
 Glaciate                 Conj/Ice       ######....   99%         9    #######
 Magic Dart               Conj           ####         0%          1    None
 Conjure Flame            Conj/Fire      #######.     0%          3    None
 Sticky Flame             Conj/Fire      #######.     0%          4    None
 Animate Skeleton         Necr           N/A          1%          1    None
 Beastly Appendage        Tmut           ####..       1%          1    None
 Infusion                 Chrm           ###.         1%          1    None
 Pain                     Necr           ###.         1%          1    None
 Summon Butterflies       Summ           ###.....     1%          1    None
 Blink                    Tloc           N/A          1%          2    None
 Call Imp                 Summ           ###.....     1%          2    None
 Corpse Rot               Necr/Air       N/A          1%          2    None
 Passwall                 Tmut/Erth      ######..     1%          2    None
 Poisonous Vapours        Pois/Air       ###...       1%          2    None
 Shroud of Golubria       Chrm/Tloc      ###...       1%          2    None
 Song of Slaying          Chrm           ###.....     1%          2    None
 Sticks to Snakes         Tmut           ####....     1%          2    None
 Swiftness                Chrm/Air       ###.....     1%          2    None
 Mephitic Cloud           Conj/Pois/Air  ######..     1%          3    None
 Static Discharge         Conj/Air       ######..     1%          3    None
 Petrify                  Tmut/Erth      ######..     1%          4    None
 Borgnjor's Vile Clutch   Necr/Erth      ######....   1%          5    None
 Irradiate                Conj/Tmut      ######....   1%          5    None
 Iskenderun's Battlesphe  Conj/Chrm      ######..     1%          5    None
 Lightning Bolt           Conj/Air       ######....   1%          5    None
 Orb of Destruction       Conj           #######...   1%          7    #####..
 Call Canine Familiar     Summ           ###.....     2%          3    None
 Confusing Touch          Hex            ###.....     2%          3    None
 Gell's Gravitas          Tloc           ###.......   2%          3    None
 Lesser Beckoning         Tloc           ###.......   2%          3    None
 Ozocubu's Armour         Chrm/Ice       ###.....     2%          3    None
 Recall                   Summ/Tloc      N/A          2%          3    None
 Spectral Weapon          Hex/Chrm       ###.....     2%          3    None
 Spider Form              Tmut/Pois      ###.......   2%          3    None
 Summon Guardian Golem    Hex/Summ       ###.....     2%          3    None
 Teleport Other           Tloc           ###.....     2%          3    None
 Vampiric Draining        Necr           ###.......   2%          3    None
 Freezing Cloud           Conj/Ice/Air   ######....   4%          6    ####...
 Yara's Violent Unravell  Hex/Tmut       ###.......   7%          5    None
 Ice Form                 Ice/Tmut       ###.....     9%          4    None
 Spellforged Servitor     Conj/Summ      ######....   9%          7    #####..
 Animate Dead             Necr           N/A          10%         4    None
 Passage of Golubria      Tloc           N/A          10%         4    None
 Summon Ice Beast         Ice/Summ       ###.....     10%         4    None
 Ring of Flames           Chrm/Fire      ######....   12%         7    #####..
 Blade Hands              Tmut           ####......   21%         5    None
 Agony                    Necr           ###.....     26%         5    None
 Metabolic Englaciation   Hex/Ice        ###.......   26%         5    None
 Summon Demon             Summ           ###.......   26%         5    None
 Summon Forest            Summ/Tloc      ###.......   26%         5    None
 Summon Mana Viper        Hex/Summ       ###.....     26%         5    None
 Ozocubu's Refrigeration  Ice            ###.......   34%         6    ####...
 Hydra Form               Tmut           ####......   69%         6    ####...
 Eringya's Noxious Bog    Tmut/Pois      ###.......   75%         6    ####...
 Darkness                 Hex            ###.......   78%         6    ####...
 Death Channel            Necr           ###.......   78%         6    ####...
 Invisibility             Hex            ###.....     78%         6    ####...
 Simulacrum               Ice/Necr       ###.......   78%         6    ####...
 Dragon Form              Tmut           ####......   99%         7    #####..
 Haunt                    Necr/Summ      ###.......   100%        7    #####..
 Summon Hydra             Summ           ###.......   100%        7    #####..
 Borgnjor's Revivificati  Necr           ###.......   100%        8    #######
 Death's Door             Chrm/Necr      ###.......   100%        8    #######
 Infestation              Necr           ###.......   100%        8    #######
 Necromutation            Tmut/Necr      ###.......   100%        8    #######
 Tornado                  Air            ###.......   100%        9    #######
 Statue Form              Tmut/Erth      Unusable     N/A         6    N/A

Dungeon Overview and Level Annotations

Branches:
Dungeon (15/15)            Temple (1/1) D:7            Lair (6/6) D:10
  Swamp (4/4) Lair:2       Spider (4/4) Lair:3        Slime (0/5) Lair:6
    Orc (2/2) D:10            Elf (3/3) Orc:2        Vaults (5/5) D:14
  Crypt (0/3) Vaults:2     Depths (3/5) D:15          Sewer (visited)
  IceCv (visited)          WizLab (visited)         Gauntlet (visited)

Altars:
Ashenzari
Cheibriados
Dithmenos
Elyvilon
Fedhas
Gozag
Hepliaklqana
Kikubaaqudgha
Makhleb
Nemelex Xobeh
Okawaru
Qazlal
Ru
Sif Muna
Trog
Uskayaw
Vehumet
Wu Jian
Xom
Yredelemnul
Zin
The Shining One
Beogh
Jiyva
Lugonu

Shops:
D:7 *   D:8 [   Orc:2 :[!?   Elf:2 =   Elf:3 [   Vaults:1 [   Vaults:2 (
Vaults:3 *

Portals:
Hell: Depths:1 Depths:2
Abyss: Depths:3
Pandemonium: Orc:2 Depths:1 Depths:3
Trove: D:15 (give 5 potions of resistance)

Annotations:
Lair:4 exclusion: 4 oklob plants
Elf:2 3 runed translucent doors
Depths:2 Huaparaisk's ghost, veteran OpEE


Innate Abilities, Weirdness & Mutations

You are resistant to torment.
Your stone body is resilient. (AC +20)
You are immune to poison.
Your large and strong wings let you fly indefinitely.
You resist negative energy. (rN+)
You are resistant to electric shocks. (rElec)
You can survive without breathing.
You are immune to petrification.
You are immune to rotting.
You are partially covered in icy blue scales. (AC +2)
You are robust. (+10% HP)
You are weak. (Str -2)


Message History

You kill the fire dragon!
Vehumet accepts your kill.
You feel your power returning.
Huaparaisk's ghost stares at you and mumbles some strange words.
You are unaffected.
Huaparaisk's ghost is nearby!
Huaparaisk's ghost is nearby!
Unknown command.
Casting: Iron Shot (safe; 1% risk of failure)
Confirm with . or Enter, or press ? or * to list all spells.
Aiming: Iron Shot (safe; 1% risk of failure)
Press: ? - help, Shift-Dir - straight line, f - Huaparaisk's ghost
Aim: Huaparaisk's ghost, wielding a weapon of flaming (almost destroyed)
The iron shot hits Huaparaisk's ghost!!
Huaparaisk's ghost is almost destroyed.
Huaparaisk's ghost mumbles some strange words.
The dungeon rumbles around Huaparaisk's ghost!
You shudder from the earth-shattering force!!!!!
Ouch! That really hurt!
You die...

#.#........# ##.#.......#
##.#..#..## ##......###
####....<##.###
#.##....((.#..####
##########.....[.(#...#...#######
................<><..............
................@W÷..............
..................).))..≈≈.......
≈≈≈......##.....(....≈≈≈≈≈≈....##
##≈≈≈≈≈≈...........≈≈≈..≈≈≈≈#####
###≈≈≈≈≈≈≈≈≈.....≈≈≈≈#.≈≈≈≈≈≈≈# #
##≈≈≈≈≈≈≈≈≈≈≈.#.≈≈≈≈≈≈≈≈≈≈≈≈≈####
≈≈≈≈≈≈≈≈≈≈≈≈≈≈≈≈≈≈≈≈..≈≈≈≈≈≈≈#.≈≈
≈≈≈≈≈≈≈###≈≈≈≈≈≈≈≈≈≈≈≈≈≈≈≈≈≈≈≈≈≈≈
≈≈≈≈≈≈## ##≈≈≈≈≈≈≈#≈≈≈≈≈≈≈≈≈≈≈≈≈≈


You could see Huaparaisk's ghost.

Vanquished Creatures
  An ancient lich (Depths:2)
  Sojobo (Depths:1)
  Xtahua (Vaults:3)
  Saint Roka (Vaults:3)
  A Hellbinder (WizLab)
  Arachne (Spider:4)
  Asterion (Spider:3)
  2 deep elf blademasters (Elf:3)
  2 deep elf master archers (Elf:3)
  A titan (Depths:2)
  A sphinx (Depths:3)
  Frances (Swamp:2)
  2 shadow dragons (Depths:2)
  3 tengu reavers
  2 thorn hunters
  Kirke (Spider:3)
  Roxanne (D:15)
  4 fire giants
  3 frost giants
  A black sun (WizLab)
  3 ghost moths (Spider:4)
  A balrug (WizLab)
  9 deep elf sorcerers
  3 orc warlords
  4 vault wardens
  Louise (Swamp:4)
  11 ironheart preservers
  7 emperor scorpions
  5 very ugly things
  9 deep elf elementalists (Elf:3)
  7 stone giants
  4 entropy weavers
  11 deep elf demonologists
  A lorocyproca (WizLab)
  3 vampire knights
  9 deep elf annihilators
  A minotaur (Gauntlet)
  12 deep elf death magi (Elf:3)
  7 spark wasps
  2 eidola (Depths:2)
  3 ettins
  2 blizzard demons (WizLab)
  The ghost of Nuhysch the Geomancer, a journeyman GrEE of Vehumet (D:14)
  Josephine (Orc:1)
  5 great orbs of eyes
  8 yaktaur captains
  2 deep elf high priests (Elf:3)
  2 fire dragons (Depths:2)
  11 ice dragons
  Harold (D:7)
  2 hell beasts
  7 rakshasas
  30 vault guards
  21 hydras
  A spriggan air mage (Depths:3)
  3 shambling mangroves
  26 two-headed ogres
  4 death knights
  12 centaur warriors
  16 alligators
  2 catoblepae
  9 ogre magi
  16 dancing weapons
  2 deep troll shamans
  2 thrashing horrors (Gauntlet)
  8 death yaks
  5 tengu warriors
  Sonja (D:13)
  13 deep elf knights
  3 deep troll earth magi
  3 orc high priests (Orc:2)
  4 soul eaters
  A spriggan berserker (Depths:3)
  A sixfirhy (WizLab)
  3 shadow wraiths
  4 sun demons
  A fire crab (Lair:6)
  A salamander mystic (Depths:1)
  13 skeletal warriors
  3 iron trolls
  2 spriggan druids
  2 spectral anacondas (Depths:2)
  42 slime creatures
  A shadow demon (WizLab)
  An infernal demonspawn (Depths:3)
  A storm dragon skeleton (Vaults:2)
  3 unseen horrors
  7 ironbrand convokers
  4 flayed ghosts
  5 swamp dragons
  A spectral hydra (Depths:2)
  12 deep elf archers
  13 deep trolls
  5 glowing orange brains
  2 gelid demonspawn (Orc:2)
  A lindwurm (Lair:6)
  Pikel (D:5)
  A harpy (shapeshifter) (Vaults:2)
  2 orange crystal statues (Depths:2)
  59 deep elf magi
  3 phantasmal warriors
  12 orc knights
  2 wolf spider zombies (D:15)
  2 mana vipers (Depths:2)
  2 necromancers
  23 ugly things
  A frost giant zombie (Depths:1)
  9 orb spiders
  12 orc sorcerers
  3 harpies (Vaults:3)
  3 salamanders (Depths:1)
  44 wolf spiders
  11 cyclopes
  3 wizards
  A moth of wrath (shapeshifter) (Vaults:4)
  Maurice (D:8)
  2 moths of wrath
  3 frost giant skeletons
  22 elephants
  4 manticores
  6 rust devils
  6 black mambas
  A fire giant skeleton (Depths:1)
  3 ice statues (IceCv)
  6 vault sentinels
  2 smoke demons (WizLab)
  4 torpor snails
  2 gargoyles
  23 spiny frogs
  2 orange demons
  A centaur skeleton (D:10)
  Maggie (D:8)
  2 hellions
  23 yaktaurs
  A yaktaur (shapeshifter) (Elf:1)
  4 komodo dragons
  8 demonic crawlers
  8 freezing wraiths
  7 rime drakes
  12 hellwings
  A tormentor (WizLab)
  6 human skeletons (Vaults:2)
  8 ice devils
  A spectral merfolk (Depths:2)
  5 red devils
  3 tengu conjurers
  33 jumping spiders
  12 tyrant leeches
  7 trolls
  A hornet (shapeshifter) (D:13)
  3 bog bodies
  A raiju (Depths:2)
  A meliai (shapeshifter) (Vaults:1)
  A wind drake (shapeshifter) (Vaults:3)
  18 blink frogs
  13 dream sheep (Lair:6)
  13 hippogriffs
  18 hornets
  5 air elementals
  A meliai zombie (D:12)
  80 redbacks
  7 water elementals
  An ettin skeleton (Depths:1)
  9 spriggans
  28 tarantellas
  A spriggan (shapeshifter) (Depths:3)
  4 hogs (Spider:3)
  5 shadows
  2 vampires (Depths:2)
  A ynoxinul (WizLab)
  12 wyverns
  13 wraiths
  30 yaks
  A golden eye (shapeshifter) (Vaults:2)
  2 fire elementals (Elf:1)
  2 hungry ghosts (D:14)
  9 neqoxecs
  12 vampire mosquitoes
  A basilisk (Lair:6)
  3 swamp worm simulacra (Swamp:4)
  2 minotaur simulacra (Depths:2)
  4 chaos spawn
  16 wargs
  11 insubstantial wisps
  2 acid dragons
  14 swamp worms
  12 hell hounds
  12 water moccasins
  A soldier ant (shapeshifter) (Vaults:2)
  8 porcupines
  15 hydra simulacra (Swamp:4)
  A floating eye (Depths:2)
  5 swamp drakes
  3 black bears
  2 spectral spriggans (Depths:2)
  47 orc warriors
  4 ice beasts
  A necrophage (D:13)
  4 sky beasts
  A snapping turtle zombie (Depths:2)
  4 spectral trolls (Depths:2)
  2 slaves (D:5)
  39 ogres
  A phantom (D:8)
  15 wolves
  An eye of draining (shapeshifter) (Depths:2)
  17 centaurs
  An eye of draining (D:12)
  4 boggarts (Vaults:2)
  17 crocodiles
  16 bullfrogs
  4 big kobolds
  5 earth elementals
  A deep troll simulacrum (Vaults:3)
  4 small abominations (Gauntlet)
  3 scorpions
  2 spectral nagas (Depths:2)
  A water moccasin skeleton (D:8)
  10 wights
  6 killer bees (D:7)
  6 howler monkeys
  5 electric eels
  3 spectral centaurs (Depths:2)
  4 centaur zombies
  11 crimson imps
  2 bullfrog zombies (D:7)
  2 draconian simulacra (IceCv)
  5 hounds
  4 quasits
  5 jellies
  22 orc wizards
  Crazy Yiuf (D:5)
  30 orc priests
  7 bullfrog skeletons
  2 iron imps
  11 worker ants
  8 iguanas
  A spriggan simulacrum (IceCv)
  3 centaur simulacra (IceCv)
  A hound skeleton (D:7)
  A worker ant zombie (D:10)
  2 naga simulacra (IceCv)
  14 adders
  2 ogre simulacra (IceCv)
  2 river rats
  2 shadow imps
  A white imp (Depths:3)
  5 swamp drake simulacra (Swamp:4)
  2 ufetubi (Depths:3)
  An adder zombie (D:8)
  3 adder skeletons
  2 dart slugs
  8 leopard geckos
  108 orcs
  9 bats
  6 giant cockroaches
  8 goblins
  11 hobgoblins
  18 jackals
  2 quokkas
  4 ball pythons
  A ball python zombie (D:5)
  4 frilled lizards
  31 kobolds
  A leopard gecko skeleton (D:5)
  15 rats
  A spectral orc (D:8)
  A demonic plant (Gauntlet)
  2 fungi (Spider:3)
  A plant (Depths:2)
1937 creatures vanquished.

Vanquished Creatures (collateral kills)
  2 death yaks (Lair:2)
  2 yaks (Lair:2)
4 creatures vanquished.

Vanquished Creatures (others)
  2 spiny frogs
  A komodo dragon (Lair:6)
  A slime creature (Swamp:4)
  A fire elemental (Elf:1)
  A swamp drake (Swamp:4)
  16 bushes (Depths:3)
  13 demonic plants (Gauntlet)
  20 fungi
  18 plants
73 creatures vanquished.

Grand Total: 2014 creatures vanquished

Notes
Turn   | Place    | Note
-------+----------+-------------------------------------------
     0 | D:1      | Haet the Gargoyle Earth Elementalist began the quest for
                  | the Orb.
     0 | D:1      | Reached XP level 1. HP: 10/10 MP: 3/3
   181 | D:1      | Reached XP level 2. HP: 15/15 MP: 3/5
   670 | D:1      | Reached XP level 3. HP: 13/19 MP: 6/6
   758 | D:1      | Found a shattered altar of Ashenzari.
  1137 | D:2      | Found a sacrificial altar of Ru.
  1210 | D:2      | Learned a level 3 spell: Stone Arrow
  1278 | D:2      | Reached XP level 4. HP: 24/24 MP: 6/8
  1666 | D:3      | Gained mutation: You are robust. (+10% HP) [potion of
                  | mutation]
  1666 | D:3      | Gained mutation: You are partially covered in icy blue
                  | scales. (AC +2) [potion of mutation]
  1691 | D:3      | Reached skill level 1 in Conjurations
  1751 | D:3      | Reached skill level 5 in Earth Magic
  1993 | D:3      | Reached XP level 5. HP: 30/30 MP: 9/9
  2004 | D:3      | Learned a level 5 spell: Lee's Rapid Deconstruction
  2862 | D:4      | Reached XP level 6. HP: 35/35 MP: 3/11
  3713 | D:4      | Reached XP level 7. HP: 39/39 MP: 9/13
  4126 | D:5      | Entered Level 5 of the Dungeon
  4148 | D:5      | Found a glowing drain.
  4177 | Sewer    | Entered a sewer
  4431 | Sewer    | Found a white marble altar of Elyvilon.
  4516 | D:5      | Reached skill level 1 in Fighting
  4643 | D:5      | Found a runed translucent door.
  4644 | D:5      | Noticed Crazy Yiuf
  4650 | D:5      | Killed Crazy Yiuf
  4650 | D:5      | Reached skill level 1 in Armour
  4713 | D:5      | Reached skill level 1 in Maces & Flails
  4713 | D:5      | Reached skill level 1 in Evocations
  4713 | D:5      | Reached XP level 8. HP: 40/47 MP: 11/15
  4771 | D:5      | Found a hazy altar of Hepliaklqana.
  4808 | D:5      | Found a burning altar of Makhleb.
  4949 | D:5      | Noticed Pikel
  4962 | D:5      | Killed Pikel
  4962 | D:5      | Reached skill level 5 in Spellcasting
  4962 | D:5      | Reached skill level 5 in Conjurations
  5374 | D:6      | Reached XP level 9. HP: 53/53 MP: 12/16
  5571 | D:6      | Found an opulent altar of Gozag.
  6279 | D:7      | Found Amei's General Store.
  6393 | D:7      | Found a staircase to the Ecumenical Temple.
  6437 | Temple   | Entered the Ecumenical Temple
  6487 | Temple   | Became a worshipper of Vehumet
  6788 | D:7      | Noticed Harold
  6808 | D:7      | Killed Harold
  6808 | D:7      | Reached XP level 10. HP: 26/63 MP: 6/19
  6885 | D:7      | Found a sparkling altar of Nemelex Xobeh.
  6925 | D:7      | Found a bloodstained altar of Trog.
  7243 | D:7      | Found a faded altar of an unknown god.
  7243 | D:7      | Found a bloodstained altar of Trog.
  7281 | D:7      | Found an iron altar of Okawaru.
  7283 | D:7      | Found a faded altar of an unknown god.
  7286 | D:7      | Reached * piety under Vehumet
  7286 | D:7      | Offered knowledge of Shock by Vehumet.
  7290 | D:7      | Found a glowing silver altar of Zin.
  7540 | D:8      | Noticed Maurice
  7640 | D:8      | Killed Maurice
  7657 | D:8      | Found a radiant altar of Vehumet.
  7677 | D:8      | Noticed Maggie
  7681 | D:8      | Found a blossoming altar of Fedhas.
  7878 | D:8      | Killed Maggie
  7878 | D:8      | Reached skill level 5 in Fighting
  7878 | D:8      | Reached skill level 5 in Armour
  8084 | D:8      | Found Kaxoim's Antique Armour Shoppe.
  8211 | D:8      | Found an ancient bone altar of Kikubaaqudgha.
  8332 | D:8      | Found a basalt altar of Yredelemnul.
  9003 | D:9      | Found a hide-covered altar of Uskayaw.
  9041 | D:9      | Reached ** piety under Vehumet
  9041 | D:9      | Offered knowledge of Foxfire by Vehumet.
  9041 | D:9      | Reached XP level 11. HP: 68/70 MP: 20/20
  9299 | D:9      | Found a shimmering blue altar of Sif Muna.
  9630 | D:10     | Entered Level 10 of the Dungeon
  9639 | D:10     | Reached skill level 5 in Maces & Flails
  9742 | D:10     | Killed an unseen horror
  9873 | D:10     | Offered knowledge of Inner Flame by Vehumet.
  9903 | D:10     | Found a staircase to the Orcish Mines.
 10176 | D:10     | Found a staircase to the Lair.
 10590 | D:10     | Reached *** piety under Vehumet
 10700 | D:10     | Reached skill level 5 in Evocations
 10706 | D:10     | Reached skill level 5 in Dodging
 10712 | D:10     | Offered knowledge of Fulminant Prism by Vehumet.
 11138 | D:11     | Noticed a cyclops
 11199 | D:11     | Noticed a green ugly thing
 11204 | D:11     | Killed a green ugly thing
 11407 | D:11     | Noticed a cyclops
 11410 | D:11     | Killed a cyclops
 11410 | D:11     | Reached skill level 10 in Earth Magic
 11489 | D:11     | Found a bloodstained altar of Trog.
 11490 | D:11     | Noticed a wizard
 11500 | D:11     | Killed a wizard
 11500 | D:11     | Reached XP level 12. HP: 78/78 MP: 20/23
 12267 | D:12     | Found a gate leading to a gauntlet.
 12280 | Gauntlet | Entered a Gauntlet
 12280 | Gauntlet | Found a transporter.
 12280 | Gauntlet | Found a transporter.
 12281 | Gauntlet | Found a transporter.
 12281 | Gauntlet | Found a transporter.
 12284 | Gauntlet | Found a transporter.
 12284 | Gauntlet | Found a transporter.
 12296 | Gauntlet | Found a transporter.
 12298 | Gauntlet | Found a transporter.
 12300 | Gauntlet | Found a large runed translucent door.
 12301 | Gauntlet | Found a large runed translucent door.
 12302 | Gauntlet | Found a large runed translucent door.
 12302 | Gauntlet | Found a large runed translucent door.
 12302 | Gauntlet | Found a runed translucent door.
 12303 | Gauntlet | Found a large runed translucent door.
 12304 | Gauntlet | Found a large runed translucent door.
 12305 | Gauntlet | Found a large runed translucent door.
 12305 | Gauntlet | Found a large runed translucent door.
 12306 | Gauntlet | Found a runed translucent gate.
 12308 | Gauntlet | Found a transporter.
 12309 | Gauntlet | Found the +3 crown of Dyrovepreva {rElec Int+2 SInv}
 12317 | Gauntlet | Found a transporter.
 12317 | Gauntlet | Found a runed translucent gate.
 12318 | Gauntlet | Found a runed translucent gate.
 12318 | Gauntlet | Noticed a thrashing horror
 12319 | Gauntlet | Found a large runed translucent door.
 12319 | Gauntlet | Found a large runed translucent door.
 12320 | Gauntlet | Found a large runed translucent door.
 12321 | Gauntlet | Found a large runed translucent door.
 12330 | Gauntlet | Found a large runed translucent door.
 12330 | Gauntlet | Found a large runed translucent door.
 12330 | Gauntlet | Found a runed translucent door.
 12331 | Gauntlet | Found a large runed translucent door.
 12332 | Gauntlet | Found a large runed translucent door.
 12334 | Gauntlet | Found a transporter.
 12338 | Gauntlet | Found a transporter.
 12416 | Gauntlet | Noticed a thrashing horror
 12422 | Gauntlet | Noticed a thrashing horror
 12516 | Gauntlet | Killed a thrashing horror
 12519 | Gauntlet | Killed a thrashing horror
 12519 | Gauntlet | Reached **** piety under Vehumet
 12630 | Gauntlet | Learned a level 3 spell: Mephitic Cloud
 12641 | Gauntlet | Noticed a minotaur
 12643 | Gauntlet | Killed a minotaur
 12690 | D:12     | Found a corrupted altar of Lugonu.
 12728 | D:12     | Offered knowledge of Frozen Ramparts by Vehumet.
 12785 | D:12     | Identified Lugonu's Handbook of Conjuration
 13025 | D:12     | Noticed an eight-headed hydra
 13029 | D:12     | Killed an eight-headed hydra
 13216 | D:12     | Found a snail-covered altar of Cheibriados.
 13609 | D:13     | Noticed a centaur warrior
 13618 | D:13     | Killed a centaur warrior
 13730 | D:13     | Noticed a centaur warrior
 13743 | D:13     | Killed a centaur warrior
 13963 | D:13     | Reached XP level 13. HP: 85/85 MP: 5/25
 14399 | D:13     | Noticed Sonja
 14401 | D:13     | Killed Sonja
 14522 | D:14     | Found a transporter.
 14522 | D:14     | Noticed Nuhysch's ghost (journeyman GrEE)
 14760 | D:14     | Found a shadowy altar of Dithmenos.
 15180 | D:14     | Reached ***** piety under Vehumet
 15312 | D:14     | Offered knowledge of Conjure Ball Lightning by Vehumet.
 15525 | D:14     | Found a sacrificial altar of Ru.
 15576 | D:14     | Identified a scroll of acquirement
 15576 | D:14     | Identified the +0 plate armour of the Engineer {rF+ Str+4
                  | Int-4} (You acquired it on level 14 of the Dungeon)
 15576 | D:14     | Identified the ring of Yzapp {rF++ MP+9 Str+7 Dex-3} (You
                  | acquired it on level 14 of the Dungeon)
 15898 | D:14     | Noticed a rakshasa
 15901 | D:14     | Killed a rakshasa
 15901 | D:14     | Reached skill level 10 in Conjurations
 16038 | D:14     | Noticed an ironheart preserver
 16045 | D:14     | Killed an ironheart preserver
 16159 | D:14     | Found a gate to the Vaults.
 16323 | D:14     | Found a transporter.
 17017 | D:7      | Bought a scroll of acquirement for 728 gold pieces
 17021 | D:7      | Identified Pupuucw's Almanac of Displacement and Talismans
                  | (You acquired it on level 7 of the Dungeon)
 17021 | D:7      | Identified the +0 pair of gloves "Doukh" {MP+9} (You
                  | acquired it on level 7 of the Dungeon)
 17345 | Lair:1   | Entered Level 1 of the Lair of Beasts
 17548 | Lair:1   | Found a frozen archway.
 17559 | IceCv    | Entered an ice cave
 17786 | IceCv    | Gained mutation: Your large and strong wings let you fly
                  | indefinitely. [Gargoyle growth]
 17786 | IceCv    | Reached XP level 14. HP: 94/94 MP: 27/27
 19205 | Lair:2   | Found a staircase to the Swamp.
 19666 | Lair:2   | Reached skill level 10 in Fighting
 20153 | Lair:2   | Offered knowledge of Iron Shot by Vehumet.
 20442 | Lair:3   | Found a runed translucent door.
 20515 | Lair:3   | Learned a level 6 spell: Iron Shot
 21073 | Lair:3   | Found a hole to the Spider Nest.
 22341 | Lair:5   | Reached skill level 10 in Spellcasting
 22595 | Lair:5   | Reached XP level 15. HP: 85/102 MP: 29/29
 22760 | Lair:5   | Identified the Incunabulum of the Mountains and the
                  | Arsonist (You acquired it on level 5 of the Lair of Beasts)
 22760 | Lair:5   | Identified the ring of Xom's Full Attention {*Slow rElec
                  | rN+++ MR- Str+3} (You acquired it on level 5 of the Lair of
                  | Beasts)
 22770 | Lair:5   | Learned a level 5 spell: Bolt of Magma
 23137 | Lair:6   | Entered Level 6 of the Lair of Beasts
 23143 | Lair:5   | Reached skill level 1 in Fire Magic
 23188 | Lair:6   | Reached skill level 2 in Fire Magic
 23251 | Lair:6   | Reached skill level 3 in Fire Magic
 23336 | Lair:6   | Reached skill level 4 in Fire Magic
 23385 | Lair:6   | Reached skill level 5 in Fire Magic
 23692 | Lair:6   | Reached skill level 6 in Fire Magic
 24196 | Lair:6   | Reached skill level 7 in Fire Magic
 24393 | Lair:6   | Reached ****** piety under Vehumet
 24601 | Lair:6   | Reached skill level 8 in Fire Magic
 24932 | Lair:6   | Reached skill level 9 in Fire Magic
 25412 | Lair:6   | Found a viscous altar of Jiyva.
 25412 | Lair:6   | Found a staircase to the Slime Pits.
 25600 | Orc:1    | Entered Level 1 of the Orcish Mines
 25783 | Orc:1    | Noticed an orc warlord
 25807 | Orc:1    | Killed an orc warlord
 25807 | Orc:1    | Reached skill level 10 in Fire Magic
 25837 | Orc:1    | Offered knowledge of Iskenderun's Battlesphere by Vehumet.
 25938 | Orc:1    | Noticed Josephine
 25946 | Orc:1    | Killed Josephine
 26381 | Orc:2    | Entered Level 2 of the Orcish Mines
 26904 | Orc:2    | Noticed an orc warlord
 26933 | Orc:2    | Killed an orc warlord
 26933 | Orc:2    | Reached skill level 11 in Fire Magic
 26933 | Orc:2    | Reached XP level 16. HP: 95/108 MP: 15/30
 27137 | Orc:2    | Found a roughly hewn altar of Beogh.
 27413 | Orc:2    | Offered knowledge of Starburst by Vehumet.
 27483 | Orc:2    | Learned a level 6 spell: Starburst
 27491 | Orc:2    | Found Taroi's Distillery.
 27493 | Orc:2    | Found Honn's Magic Scroll Shoppe.
 27523 | Orc:2    | Bought a potion of brilliance for 60 gold pieces
 27523 | Orc:2    | Bought a potion of mutation for 120 gold pieces
 27523 | Orc:2    | Bought a potion of curing for 45 gold pieces
 27523 | Orc:2    | Bought a potion of curing for 45 gold pieces
 27523 | Orc:2    | Bought a potion of curing for 45 gold pieces
 27525 | Orc:2    | Bought a scroll of immolation for 42 gold pieces
 27525 | Orc:2    | Bought a scroll of immolation for 42 gold pieces
 27630 | Orc:2    | Found a staircase to the Elven Halls.
 28068 | Orc:2    | Reached skill level 12 in Fire Magic
 29103 | Orc:2    | Found Odiaps's Book Boutique.
 29103 | Orc:2    | Found Meunuzal's Antique Armour Shop.
 29104 | Orc:2    | Found a one-way gate leading to the halls of Pandemonium.
 29113 | Orc:2    | Bought a brightly glowing buckler for 351 gold pieces
 29113 | Orc:2    | Identified the +4 buckler of Tomorrow {rCorr Str+6} (You
                  | bought it in a shop on level 2 of the Orcish Mines)
 29172 | Orc:2    | Upgraded the game from 0.25-a0-645-gb4487340cb to
                  | 0.25-a0-651-g8c222c7a2b
 29355 | D:14     | Learned a level 8 spell: Ignition
 29365 | D:14     | Gained mutation: You are weak. (Str -2) [a neqoxec]
 29366 | D:14     | Reached skill level 13 in Fire Magic
 29374 | D:14     | Killed Nuhysch's ghost
 29380 | D:14     | Got the ring of Vyjowang {Int-2}
 29509 | D:15     | Entered Level 15 of the Dungeon
 29658 | D:15     | Reached skill level 1 in Shields
 29817 | D:15     | Noticed Roxanne
 29823 | D:15     | Killed Roxanne
 29825 | D:15     | Offered knowledge of Spellforged Servitor by Vehumet.
 29825 | D:15     | Reached skill level 5 in Shields
 29985 | D:15     | Found a portal to a secret trove of treasure.
 30075 | D:15     | Found a staircase to the Depths.
 30081 | D:15     | Reached skill level 14 in Fire Magic
 30651 | D:7      | Bought a potion of curing for 42 gold pieces
 30651 | D:7      | Bought a potion of ambrosia for 112 gold pieces
 30779 | Swamp:1  | Entered Level 1 of the Swamp
 31149 | Swamp:1  | Reached XP level 17. HP: 37/113 MP: 25/31
 31941 | Swamp:2  | Reached skill level 15 in Fire Magic
 32238 | Swamp:2  | Noticed Frances
 32254 | Swamp:2  | Killed Frances
 33229 | Swamp:3  | Reached skill level 10 in Maces & Flails
 34032 | Swamp:4  | Entered Level 4 of the Swamp
 34127 | Swamp:4  | Noticed Louise
 34135 | Swamp:4  | Killed Louise
 34221 | Swamp:4  | Found a hide-covered altar of Uskayaw.
 34301 | Swamp:4  | Offered knowledge of Orb of Destruction by Vehumet.
 35325 | Swamp:4  | Reached XP level 18. HP: 121/121 MP: 32/32
 35422 | Swamp:4  | Got a decaying rune of Zot
 35875 | Elf:1    | Entered Level 1 of the Elven Halls
 36463 | Elf:1    | Reached skill level 16 in Fire Magic
 36486 | Elf:1    | Offered knowledge of Ozocubu's Refrigeration by Vehumet.
 36790 | Elf:1    | Cast into level 3 of the Abyss (a deep elf sorcerer)
 36790 | Abyss:3  | Found a corrupted altar of Lugonu.
 36851 | Elf:1    | Escaped the Abyss
 37097 | Elf:1    | Identified the Almanac of Arcane Weapons and Calling
 37596 | Elf:2    | Found Niuvav's Jewellery Boutique.
 37699 | Elf:2    | Found a runed translucent gate.
 37699 | Elf:2    | Found a runed translucent gate.
 37700 | Elf:2    | Found a runed translucent gate.
 38085 | Elf:3    | Entered Level 3 of the Elven Halls
 38085 | Elf:3    | Found Ceh Yhimn's Armour Emporium.
 39029 | Elf:3    | Noticed a deep elf master archer
 39030 | Elf:3    | Noticed a deep elf blademaster
 39031 | Elf:3    | Reached XP level 19. HP: 118/127 MP: 29/34
 39040 | Elf:3    | Offered knowledge of Fire Storm by Vehumet.
 39040 | Elf:3    | Offered knowledge of Glaciate by Vehumet.
 39040 | Elf:3    | Offered knowledge of Chain Lightning by Vehumet.
 39050 | Elf:3    | Reached skill level 10 in Dodging
 39100 | Elf:3    | Identified the +10 scythe "Sototuva" {speed, *Drain Str+10
                  | Int-5 Stlth+}
 39110 | Elf:3    | Reached skill level 17 in Fire Magic
 39351 | Elf:3    | Identified the amulet of Midsummer {Reflect SH+6 Stlth+}
 39492 | Elf:3    | Identified the +8 glaive "Hulagin" {venom, rElec rF+}
 39540 | Elf:3    | Got a slimy emerald amulet
 39541 | Elf:3    | Identified the amulet "Siupen" {rPois Regen+ Dex+9 Stlth-}
                  | (You found it on level 3 of the Elven Halls)
 39586 | Elf:3    | Found the +5 robe of Misfortune {*Contam Harm *Corrode
                  | *Drain *Slow EV+5}
 40112 | Elf:3    | Found Ceh Yhimn's Armour Emporium.
 40756 | Vaults:1 | Entered Level 1 of the Vaults
 41362 | Vaults:1 | You are sucked into a shaft and drop 1 floor!
 41492 | Vaults:1 | Found Uneragel's Armour Shop.
 42505 | Vaults:2 | Found Jaapem's Weapon Boutique.
 42770 | Vaults:2 | Reached XP level 20. HP: 135/136 MP: 35/35
 42781 | Vaults:2 | Reached skill level 15 in Earth Magic
 43032 | Vaults:2 | Found a staircase to the Crypt.
 43272 | Vaults:2 | Paralysed by fainting for 10 turns
 43982 | Vaults:3 | Noticed Xtahua
 43987 | Vaults:3 | Killed Xtahua
 44364 | Vaults:3 | Reached skill level 18 in Fire Magic
 44506 | Vaults:3 | Noticed Saint Roka
 44513 | Vaults:3 | Killed Saint Roka
 44648 | Vaults:3 | Found Hirade's General Store.
 44659 | Vaults:3 | Bought a scroll of teleportation for 57 gold pieces
 44659 | Vaults:3 | Bought a scroll of identify for 38 gold pieces
 44968 | Vaults:3 | Reached XP level 21. HP: 133/143 MP: 37/37
 45013 | Vaults:3 | Reached XP level 22. HP: 149/149 MP: 38/38
 45014 | Vaults:3 | Reached XP level 23. HP: 154/154 MP: 40/40
 45025 | Vaults:3 | Learned a level 9 spell: Shatter
 45222 | Vaults:3 | Got a faintly glowing silver amulet
 45223 | Vaults:3 | Identified the amulet "Elics" {Acrobat *Slow rElec rN+
                  | Int+2} (You found it on level 3 of the Vaults)
 46651 | Vaults:5 | Entered Level 5 of the Vaults
 47025 | Spider:1 | Entered Level 1 of the Spider Nest
 47180 | Spider:1 | Found a transporter.
 47201 | Spider:1 | Found a transporter.
 47751 | Spider:1 | Got a brightly glowing glass ring
 47752 | Spider:1 | Identified the ring of Linearity {*Tele Str+6} (You found
                  | it on level 1 of the Spider Nest)
 48402 | Spider:3 | Noticed Kirke
 48411 | Spider:3 | Noticed Asterion
 48530 | Spider:3 | Killed Kirke
 48537 | Spider:3 | Killed Asterion
 48814 | Spider:3 | Reached skill level 19 in Fire Magic
 48818 | Spider:3 | Identified the +2 quarterstaff of Classification {flame,
                  | *Noise +Inv +Fly rN++} (You found it on level 3 of the
                  | Spider Nest)
 49031 | Spider:4 | Entered Level 4 of the Spider Nest
 49243 | Spider:4 | Reached XP level 24. HP: 162/162 MP: 40/40
 49264 | Spider:4 | Noticed Arachne
 49313 | Spider:4 | Killed Arachne
 49989 | Spider:4 | Reached skill level 15 in Conjurations
 50014 | Spider:4 | Got a gossamer rune of Zot
 50381 | Depths:1 | Entered Level 1 of the Depths
 50523 | Depths:1 | Found a gateway to Hell.
 50523 | Depths:1 | Noticed Sojobo
 50526 | Depths:1 | Killed Sojobo
 51731 | Depths:2 | Reached skill level 15 in Fighting
 52045 | Depths:2 | Reached XP level 25. HP: 170/170 MP: 41/41
 52481 | Depths:2 | Noticed an ancient lich
 52487 | Depths:2 | Killed an ancient lich
 52487 | Depths:2 | Reached skill level 20 in Fire Magic
 52646 | Depths:2 | Reached XP level 26. HP: 176/176 MP: 41/41
 52858 | Depths:3 | Found a runed translucent gate.
 52858 | Depths:3 | Found a runed translucent gate.
 52858 | Depths:3 | Found a runed translucent gate.
 52877 | Depths:3 | Found a one-way gate to the infinite horrors of the Abyss.
 52923 | Depths:3 | Found a magical portal.
 53580 | WizLab   | Found the +2 ratskin cloak {+Rats rPois rN+ Str-1 Int-1
                  | Dex+1}
 53581 | WizLab   | Found a burning altar of Makhleb.
 53590 | WizLab   | Reached skill level 15 in Spellcasting
 53606 | WizLab   | Identified Xoam's Almanac of the Entourage
 53610 | WizLab   | Got an ancient granite ring
 53611 | WizLab   | Identified the ring "Ujeaso Fueg" {Ice rN++ Stlth+} (You
                  | found it in a wizard's laboratory)
 54095 | Depths:3 | Noticed Huaparaisk's ghost (veteran OpEE)
 54413 | Depths:2 | Killed from afar by Huaparaisk's ghost

Levels and vault maps discovered:
D:1:      eino_arrival_water_cross, layout_basic, nicolae_ashenzari_panopticon
D:2:      layout_rooms, nicolae_overflow_crystal_walls
D:3:      layout_loops_corners, kennysheep_pointless_box,
          chequers_serial_rivers_small_b
D:4:      minmay_skewed_foursquare, layout_loops_ring, grunt_ministairs_5,
          grunt_decor_arrowhead
D:5:      layout_cave_pools, kennysheep_mini_moat, overflow_temple_1_default,
          first_ration, portal_sewer_entry_b, uniq_crazy_yiuf_cottage,
          uniq_pikel
D:6:      layout_basic, nicolae_gozag_seed_capital,
          chequers_serial_rivers_small_a
D:7:      layout_rooms, chequers_temple_overflow_minitemple, old_standard_altar,
          minmay_temple_entry_grid, serial_shops, shop_fountains, serial_rivers,
          chequers_serial_rivers_small_3, chequers_serial_rivers_small_a,
          chequers_serial_rivers_large_a, chequers_serial_rivers_small_3,
          chequers_serial_rivers_small_b, grunt_ogre_cave, trog_hazing_becter,
          uniq_harold
D:8:      layout_cave_pools, yredelemnul_forgotten_temple_becter,
          nicolae_overflow_hidden_temple, kennysheep_mini, basic_altar,
          serial_shops, nicolae_shop_competitors_out_of_business, uniq_maggie,
          uniq_maurice
D:9:      layout_loops_corners, lemuel_doored_altar, lemuel_blue_sif_altar
D:10:     layout_cave_pools, erik_lair_dragon, orc_0_dummy, minmay_crystal_room
D:11:     layout_long_grid, minivault_1, trog_wizard
D:12:     layout_basic, basic_altar, gauntlet_entry_generic, tgw_lugonu_bribe
D:13:     layout_long_grid, uniq_sonja
D:14:     layout_layer_cave, skrybe_vaults_entry_preservation,
          grunt_dithmenos_smoke_and_mirrors, gammafunk_ghost_stat_death,
          nicolae_ru_path_of_blood
D:15:     grunt_enter_depths_snipers, layout_cave_pools,
          nicolae_trove_entry_columns, chequers_avenue, uniq_roxanne
Temple:   kb_temple_of_zot
Lair:1:   layout_cave_pods, portal_ice_cave_demonic_guard,
          nicolae_quartered_pool_medium, chequers_serial_rivers_micro_b,
          grunt_forest_large_clearing_hut
Lair:2:   layout_cave_pods, swamp_mist_pool, grunt_forest_small_clearings,
          lemuel_fruit_fields
Lair:3:   layout_cave_pods, spider_nest_entry_web_field, pf_torpor_hydra,
          serial_bayou_shore_b
Lair:4:   layout_regular_city, beast_lair_carwin_4, serial_bayou_shore_b,
          grunt_megastairs_2, minmay_lair_oklob_chamber
Lair:5:   layout_regular_city, infiniplex_staircase_pool, grunt_megastairs_1
Lair:6:   hangedman_lair_in_review, layout_misc_corridors,
          dpeg_slime_entry_enclosed_altar
Swamp:1:  layout_basic_swamp, hangedman_swamp_lotus
Swamp:2:  layout_falls_marsh, nicolae_swamp_round_clearing, swamp_pool3,
          uniq_frances
Swamp:3:  layout_falls_marsh, nicolae_swamp_feature_on_the_river_bank,
          swamp_pool5, st_swamp_mini
Swamp:4:  swamp_icy, layout_basic_swamp, swamp_pool4, lemuel_altar_in_water,
          uniq_louise
Spider:1: gammafunk_the_bubble [the_bubble_gammafunk_crates],
          nicolae_spider_circle_web
Spider:2: layout_spider_delve
Spider:3: layout_spider_delve, spiders_nest_spider_trap, uniq_kirke,
          uniq_asterion
Spider:4: spider_rune_water, nicolae_arachne_temple
Orc:1:    cheibrodos_orc_guarddog, layout_caves, uniq_josephine
Orc:2:    pf_orc_diabolical, layout_diamond_mine, nicolae_orc_lost_temple
Elf:1:    minmay_the_grid_net [minmay_the_grid_broken_lines,
          minmay_the_grid_fan, minmay_the_grid_rooms, minmay_the_grid_garden,
          minmay_the_grid_large_cup, minmay_the_grid_prize_four_corners],
          layout_onion_city, minmay_elf_sorcery, st_stairs_5
Elf:2:    layout_loops_cross, serial_shops, shop, eino_tiny_chamber
Elf:3:    grunt_elf_hall_branching, layout_loops_corners, serial_shops, shop,
          minivault_4, st_stairs_11, kb_rosetta
Vaults:1: ontoclasm_vaults_idyll, v_misc_2, vaults_room_stairs_pillars,
          hangedman_vaults_maws, nicolae_vaults_little_ls,
          nicolae_vaults_angled_halls, layout_vaults_omnigrid, serial_shops,
          shop
Vaults:2: v_alt_pattern_4, grunt_vaults_swirl,
          minmay_crypt_entry_skeletal_spiral, nicolae_vaults_little_squares_2,
          nicolae_vaults_inception_corners, ontoclasm_vaults_gateway, v_misc_10,
          v_misc_18, v_misc_33, vaults_standard_mumra_enter_the_diamond,
          layout_vaults_omnibox, serial_shops, shop
Vaults:3: v_rooms_5, nicolae_vaults_puzzle_piece, v_misc_11, grunt_vaults_focal,
          nicolae_vaults_theta, ontoclasm_vaults_spin, v_misc_9, v_misc_3,
          ontoclasm_vaults_loading_screen, nicolae_vaults_display_case,
          layout_vaults_maze_snakey, serial_shops, shop, uniq_xtahua,
          uniq_saint_roka
Vaults:4: nicolae_vaults_three_branches, vaults_room_boxed, vaults_room_grid,
          v_misc_1, nicolae_vaults_circle_grid_b, v_misc_2,
          ontoclasm_vaults_misaligned, st_lattice, ontoclasm_vaults_eye,
          ontoclasm_vaults_idyll, nicolae_vaults_back_hallway,
          layout_vaults_ring
Vaults:5: serial_shops
Depths:1: layout_forbidden_donut, pan_entry, nicolae_two_hexagons, hellmouth_3,
          chequers_serial_rivers_marsh, kennysheep_generic_room_9, uniq_sojobo
Depths:2: lemuel_river_lethe, hell_entry
Depths:3: minmay_spriggan_fort, layout_cave_pools, ebering_ghost_gozag,
          hell_entry, nicolae_abyss_entry_one_way_or_another,
          grunt_pan_entry_in_and_out, mu_enter_wizlab_5

Skill      XL: |  1  2  3  4  5  6  7  8  9 10 11 12 13 14 15 16 17 18 19 20 21 22 23 24 25 26 |
---------------+-------------------------------------------------------------------------------+-----
Earth Magic    | 4 5 6 7 8 9 10 11 12 13 14 15 16 17 18 | 18.2
Spellcasting   | 3 4 5 6 7 8 9 10 11 12 13 14 15 | 15.0
Conjurations   | 1 2 3 4 5 6 7 8 9 10 11 12 13 14 15 | 15.9
Fighting       | 1 2 4 5 6 8 9 10 11 12 13 14 15 | 15.5
Armour         | 1 2 4 5 6 |  6.0
Maces & Flails | 1 2 3 4 6 7 8 9 10 11 12 13 14 | 14.0
Dodging        | 2 3 4 5 6 7 8 9 10 11 12 | 12.5
Evocations     | 1 2 3 4 5 6 |  6.0
Fire Magic     | 11 14 15 16 17 18 19 20 | 20.3
Shields        | 5 |  5.0
Stealth        | |  2.1
Transmutations | |  0.7

Action                   |  1- 3 |  4- 6 |  7- 9 | 10-12 | 13-15 | 16-18 | 19-21 | 22-24 | 25-27 || total
-------------------------+-------+-------+-------+-------+-------+-------+-------+-------+-------++-------
Melee: Unarmed           |     8 |       |       |       |       |       |       |    12 |       ||    20
       Dagger            |   129 |   363 |   227 |       |       |       |       |       |       ||   719
       Flail             |       |       |   123 |   433 |   888 |   441 |       |       |       ||  1885
       Staff             |       |       |       |       |    16 |       |       |       |       ||    16
       Demon whip        |       |       |       |       |       |   310 |   410 |   806 |   179 ||  1705
Throw: Throwing net      |       |       |       |       |       |     3 |       |       |       ||     3
 Cast: Sandblast         |    20 |    40 |    76 |    69 |    65 |   114 |    21 |     4 |     2 ||   411
       Stone Arrow       |       |     9 |     8 |    49 |   111 |    18 |     3 |       |       ||   198
       Lee's Rapid Decon |       |       |     4 |    62 |   125 |   140 |    56 |    34 |    14 ||   435
       Mephitic Cloud    |       |       |       |     5 |    20 |     3 |       |       |       ||    28
       Iron Shot         |       |       |       |       |    65 |   189 |    64 |    99 |    60 ||   477
       Ignition          |       |       |       |       |       |    45 |    43 |    57 |    19 ||   164
       Starburst         |       |       |       |       |       |       |     3 |     1 |       ||     4
       Shatter           |       |       |       |       |       |       |       |     8 |    14 ||    22
 Abil: Fly               |       |       |       |       |       |     1 |       |       |       ||     1
       Stop Flying       |       |       |       |       |       |       |       |       |     1 ||     1
Evoke: Wand              |       |       |       |     4 |    12 |     3 |       |       |       ||    19
       Fan of gales      |       |       |       |     1 |     1 |       |       |       |       ||     2
       Box of beasts     |       |       |       |       |     1 |     1 |       |       |       ||     2
       Phial of floods   |       |       |       |       |       |     1 |       |       |       ||     1
  Use: Scroll            |       |     9 |     6 |    13 |    11 |    21 |     7 |    11 |     8 ||    86
       Potion            |       |     1 |     5 |     4 |     3 |     1 |     5 |     3 |    10 ||    32
 Stab: Sleeping          |     2 |     4 |     5 |     1 |     2 |     1 |       |       |       ||    15
       Distracted        |       |       |     1 |       |     2 |       |       |       |       ||     3
       Paralysed         |       |       |       |     4 |       |       |       |       |       ||     4
       Confused          |       |       |       |     2 |    14 |     1 |       |       |       ||    17
  Eat: Chunk             |     2 |     9 |     8 |    27 |    57 |    91 |    54 |    44 |     4 ||   296
       Ration            |       |       |     1 |     3 |     8 |    17 |     4 |     9 |     9 ||    51
Armor: Robe              |    44 |   146 |   251 |    79 |    10 |       |       |       |       ||   530
       Steam dragon scal |       |       |       |   276 |   635 |   441 |   112 |   346 |   107 ||  1917
Dodge: Dodged            |    92 |   240 |   337 |   420 |   736 |   560 |   192 |   661 |   204 ||  3442
Block: Buckler           |       |       |       |       |       |   133 |   121 |   373 |    95 ||   722

Table legend:
 A = Non-vault XP
 B = Vault XP
 C = Vault XP percentage of total XP
 D = Non-vault monster count
 E = Vault monster count
 F = Vault count percentage of total count
                 A         B        C        D         E       F
            +---------+---------+-------+---------+---------+-------
      Total |  381277 |  453873 |  54.3 |    1151 |     787 |  40.6
            +---------+---------+-------+---------+---------+-------
        D:1 |      44 |       0 |   0.0 |      28 |       0 |   0.0
        D:2 |      50 |       0 |   0.0 |      17 |       0 |   0.0
        D:3 |     163 |       0 |   0.0 |      31 |       0 |   0.0
        D:4 |     465 |     142 |  23.4 |      17 |       3 |  15.0
        D:5 |     412 |     748 |  64.5 |      10 |      10 |  50.0
        D:6 |     855 |       0 |   0.0 |      35 |       0 |   0.0
        D:7 |    1926 |    1127 |  36.9 |      30 |       8 |  21.1
        D:8 |     846 |     876 |  50.9 |      16 |       3 |  15.8
        D:9 |    2544 |     193 |   7.1 |      26 |       1 |   3.7
       D:10 |    5140 |     653 |  11.3 |      46 |       5 |   9.8
       D:11 |    2846 |     522 |  15.5 |      19 |       1 |   5.0
       D:12 |    4308 |       0 |   0.0 |      20 |       0 |   0.0
       D:13 |    8494 |     827 |   8.9 |      26 |       1 |   3.7
       D:14 |   11486 |    7269 |  38.8 |      38 |      19 |  33.3
       D:15 |   17563 |    5259 |  23.0 |      41 |       4 |   8.9
     Lair:1 |    3483 |    1090 |  23.8 |      13 |       5 |  27.8
     Lair:2 |   10360 |       0 |   0.0 |      34 |       0 |   0.0
     Lair:3 |    6048 |    1401 |  18.8 |      17 |       2 |  10.5
     Lair:4 |    1763 |    2820 |  61.5 |      10 |       8 |  44.4
     Lair:5 |    7773 |     467 |   5.7 |      24 |       2 |   7.7
     Lair:6 |   17709 |   11066 |  38.5 |      49 |      21 |  30.0
    Swamp:1 |    9849 |       0 |   0.0 |      24 |       0 |   0.0
    Swamp:2 |   16576 |    2172 |  11.6 |      40 |       1 |   2.4
    Swamp:3 |   15856 |    4187 |  20.9 |      28 |       8 |  22.2
    Swamp:4 |   12798 |    8712 |  40.5 |      30 |      32 |  51.6
   Spider:1 |    6899 |    8827 |  56.1 |      25 |      14 |  35.9
   Spider:2 |   10120 |       0 |   0.0 |      26 |       0 |   0.0
   Spider:3 |   14281 |    8627 |  37.7 |      42 |      13 |  23.6
   Spider:4 |   16857 |   37153 |  68.8 |      40 |      73 |  64.6
      Orc:1 |    5883 |    2259 |  27.7 |      54 |       8 |  12.9
      Orc:2 |    7650 |   16101 |  67.8 |      52 |      60 |  53.6
      Elf:1 |    8110 |   24779 |  75.3 |      12 |      40 |  76.9
      Elf:2 |   14161 |    3625 |  20.4 |      22 |       4 |  15.4
      Elf:3 |    9853 |   56698 |  85.2 |      13 |      45 |  77.6
   Vaults:1 |   20669 |    2059 |   9.1 |      37 |       4 |   9.8
   Vaults:2 |   16314 |   33246 |  67.1 |      25 |      51 |  67.1
   Vaults:3 |   30593 |   34722 |  53.2 |      48 |      54 |  52.9
   Vaults:4 |    2635 |   29934 |  91.9 |       3 |      43 |  93.5
   Vaults:5 |     602 |   25232 |  97.7 |       1 |      25 |  96.2
   Depths:1 |   35519 |   14212 |  28.6 |      53 |      18 |  25.4
   Depths:2 |     325 |   64059 |  99.5 |       1 |     111 |  99.1
   Depths:3 |   21410 |   11128 |  34.2 |      27 |      18 |  40.0
    Abyss:3 |      39 |       0 |   0.0 |       1 |       0 |   0.0
      Sewer |       0 |     118 | 100.0 |       0 |      11 | 100.0
      IceCv |       0 |    3876 | 100.0 |       0 |      19 | 100.0
     WizLab |       0 |   24329 | 100.0 |       0 |      35 | 100.0
   Gauntlet |       0 |    3358 | 100.0 |       0 |       7 | 100.0
            +---------+---------+-------+---------+---------+-------
